 Dungeon Crawl Stone Soup version 0.30-a0-782-ge64f9170bb (webtiles) character file.

Game seed: 18379678243087478404

281912 Crownlay the Earth Mage (level 20, 0/127 HPs)
             Began as a Gargoyle Earth Elementalist on Feb 28, 2023.
             Was the Champion of Vehumet.
             Killed from afar by Nikola (44 damage)
             ... with an arc of chain lightning
             ... on level 2 of the Elven Halls.
             The game lasted 02:03:38 (42078 turns).

Crownlay the Earth Mage (GrEE)                     Turns: 42078, Time: 02:03:38

Health: 0/127      AC: 36    Str: 15    XL:     20   Next: 51%
Magic:  14/42      EV: 10    Int: 30    God:    Vehumet [******]
Gold:   2969       SH: 26    Dex: 18    Spells: 11/55 levels left

rFire   . . .      SeeInvis +    X - staff of earth
rCold   . . .      Faith    .    N - +8 tower shield {AC+3}
rNeg    + + .      Spirit   .    J - +4 steam dragon scales
rPois   ∞          Reflect  .    W - +3 crown of Dyrovepreva {rElec Int+2 SInv}
rElec   +          Harm     .    y - +1 cloak of the Hall of Blades {rPois Str+3 Int+3 Dex+2}
rCorr   .          Rampage  .    e - +2 pair of gloves
Will    +....                    s - +0 pair of boots
Stlth   ++                       L - amulet of magic regeneration
HPRegen 0.41/turn                D - ring of positive energy
MPRegen 0.68/turn                V - +6 ring of dexterity

@: flying, very slightly contaminated
A: sickness immunity, AC +15, big wings, negative energy resistance 1,
electricity resistance, torment resistance 1, petrification resistance
}: 2/15 runes: serpentine, barnacled
a: Renounce Religion


You were on level 2 of the Elven Halls.
You worshipped Vehumet.
Vehumet was exalted by your worship.
You visited 6 branches of the dungeon, and saw 32 of its levels.
You also visited: Ossuary and Ice Cave.

You collected 4361 gold pieces.
You spent 1392 gold pieces at shops.

Inventory:

Hand Weapons
 q - a +0 great sword
Missiles
 O - 2 throwing nets
Armour
 e - a +2 pair of gloves (worn)
 j - a +2 robe of fire resistance
 s - a +0 pair of boots (worn)
 y - the +1 cloak of the Hall of Blades (worn) {rPois Str+3 Int+3 Dex+2}
   (You acquired it on level 5 of the Dungeon)

   Str:       It affects your strength (+3).
   Int:       It affects your intelligence (+3).
   Dex:       It affects your dexterity (+2).
   rPois:     It protects you from poison.
 B - a +2 robe of cold resistance
 J - +4 steam dragon scales (worn)
 M - a +2 robe of willpower
 N - a +8 tower shield of protection (worn)
 W - the +3 crown of Dyrovepreva (worn) {rElec Int+2 SInv}
   (You found it on level 4 of the Lair of Beasts)

   Int:       It affects your intelligence (+2).
   rElec:     It insulates you from electricity.
   SInv:      It lets you see invisible.
Magical Staves
 v - a staff of fire
 X - a staff of earth (weapon)
Jewellery
 u - an amulet of reflection
 D - a ring of positive energy (left hand)
 K - a ring of protection from cold
 L - an amulet of magic regeneration (around neck)
 T - a ring of protection from fire
 V - a +6 ring of dexterity (right hand)
 Z - a ring of protection from fire
Wands
 A - a wand of digging (12)
 C - a wand of flame (58)
 E - a wand of quicksilver (29)
 Q - a wand of paralysis (16)
 R - a wand of polymorph (5)
 S - a wand of iceblast (15)
Scrolls
 d - 7 scrolls of blinking
 f - 22 scrolls of teleportation
 h - 9 scrolls of identify
 m - a scroll of enchant armour
 n - 8 scrolls of fog
 o - 5 scrolls of noise
 t - 6 scrolls of immolation
 w - 4 scrolls of amnesia
 F - 6 scrolls of fear
 G - 6 scrolls of magic mapping
 I - 9 scrolls of poison
 U - a scroll of summoning
Potions
 a - 12 potions of heal wounds
 b - 4 potions of magic
 c - 19 potions of curing
 g - 4 potions of resistance
 i - 6 potions of mutation
 k - 2 potions of might
 l - 6 potions of cancellation
 p - 4 potions of brilliance
 r - 9 potions of invisibility
 x - 2 potions of ambrosia
 z - 7 potions of haste
Miscellaneous
 H - a condenser vane
 Y - a phantom mirror


   Skills:
 - Level 14.0 Fighting
 - Level 1.5 Dodging
 - Level 2.1 Stealth
 + Level 12.3 Shields
 * Level 18.0 Spellcasting
 * Level 14.3 Conjurations
 + Level 10.3 Summonings
 - Level 5.0 Necromancy
 - Level 0.7 Transmutations
 - Level 10.0 Fire Magic
 * Level 20.0 Earth Magic
 - Level 4.0 Evocations


You had 11 spell levels left.
You knew the following spells:

 Your Spells              Type           Power      Damage    Failure   Level
a - Sandblast             Erth           100%       2d20      0%          1
b - Stone Arrow           Conj/Erth      100%       3d13      0%          3
c - Borgnjor's Vile Clut  Necr/Erth      50%        N/A       1%          5
d - Lee's Rapid Deconstr  Erth           60%        3d28*     1%          5
e - Spellforged Servitor  Conj/Summ      39%        N/A       11%         7
f - Lehudib's Crystal Sp  Conj/Erth      57%        10d13     11%         8
g - Shatter               Erth           60%        3d45*     45%         9
h - Iron Shot             Conj/Erth      57%        9d11      1%          6

Your spell library contained the following spells:

 Spells                   Type           Power      Damage    Failure   Level
 Maxwell's Capacitive Co  Air            13%        ∞         100%        8
 Fire Storm               Conj/Fire      39%        8d10      100%        9
 Foxfire                  Conj/Fire      100%       2x1d9     1%          1
 Kiss of Death            Conj/Necr      100%       2d13      1%          1
 Summon Small Mammal      Summ           100%       N/A       1%          1
 Passwall                 Tmut/Erth      78%        N/A       1%          2
 Scorch                   Fire           100%       2d10      1%          2
 Call Canine Familiar     Summ           73%        N/A       1%          3
 Inner Flame              Hex/Fire       54%        N/A       1%          3
 Mephitic Cloud           Conj/Pois/Air  54%        N/A       1%          3
 Flame Wave               Conj/Fire      79%        2d17      1%          4
 Leda's Liquefaction      Hex/Erth       46%        N/A       1%          4
 Petrify                  Tmut/Erth      94%        N/A       1%          4
 Fireball                 Conj/Fire      39%        3d16      1%          5
 Summon Guardian Golem    Hex/Summ       55%        N/A       2%          3
 Irradiate                Conj/Tmut      32%        3d22      2%          5
 Starburst                Conj/Fire      39%        6d11      2%          6
 Poisonous Vapours        Pois/Air       54%        N/A       3%          2
 Sting                    Tmut/Pois      100%       1d8       6%          1
 Animate Dead             Necr           54%        N/A       10%         4
 Dispel Undead            Necr           54%        3d20      10%         4
 Ensorcelled Hibernation  Hex/Ice        54%        N/A       11%         2
 Lesser Beckoning         Tloc           54%        N/A       11%         2
 Summon Cactus Giant      Summ           36%        N/A       16%         6
 Olgreb's Toxic Radiance  Pois           27%        N/A       19%         4
 Confusing Touch          Hex            27%        N/A       22%         3
 Gell's Gravitas          Tloc           27%        N/A       22%         3
 Portal Projectile        Hex/Tloc       54%        N/A       22%         3
 Swiftness                Air            27%        N/A       22%         3
 Teleport Other           Tloc           27%        N/A       22%         3
 Tukima's Dance           Hex            27%        N/A       22%         3
 Yara's Violent Unravell  Hex/Tmut       14%        3d7       41%         5
 Ice Form                 Ice/Tmut       29%        N/A       54%         4
 Cause Fear               Hex            13%        N/A       58%         4
 Passage of Golubria      Tloc           27%        N/A       58%         4
 Death Channel            Necr           27%        N/A       82%         6
 Blade Hands              Tmut           15%        N/A       83%         5
 Metabolic Englaciation   Hex/Ice        13%        N/A       90%         5
 Silence                  Hex/Air        13%        N/A       90%         5
 Discord                  Hex            13%        N/A       100%        8
 Sublimation of Blood     Necr           Unusable   N/A       N/A         2
 Cigotuvi's Dreadful Rot  Necr/Pois/Air  Unusable   N/A       N/A         2
 Statue Form              Tmut/Erth      Unusable   N/A       N/A         6

Dungeon Overview and Level Annotations

Branches:
Dungeon (15/15)            Temple (0/1) D:6            Lair (5/5) D:11
 Shoals (4/4) Lair:2        Snake (4/4) Lair:2        Slime (0/5) Lair:4
    Orc (2/2) D:12            Elf (2/3) Orc:2        Vaults (0/5) D:13
 Depths (0/4) D:15        Ossuary (visited)           IceCv (visited)

Altars:
Ashenzari
Cheibriados
Dithmenos
Kikubaaqudgha
Ru
Trog
Vehumet
Jiyva

Shops:
D:5 ?   Orc:2 ![?*   Shoals:1 !   Shoals:2 *   Shoals:3 =[   Shoals:4 !

Annotations:
Lair:2 Notanamesir's ghost, journeyman OgGl
Elf:2 Nikola


Innate Abilities, Weirdness & Mutations

You are immune to sickness and miasma.
Your stone body is resilient. (AC +15)
You are immune to poison.
Your large and strong wings let you fly.
You resist negative energy. (rN+)
You are resistant to electric shocks. (rElec)
You are resistant to unholy torment.
You are immune to petrification.


Message History

Nikola struggles to blink free from constriction.
Casting: Borgnjor's Vile Clutch (mildly dangerous; 1% risk of failure)
Confirm with . or Enter, or press ? or * to list all spells.
You miscast Spellforged Servitor.
You are very lightly contaminated with residual magic.
You feel a strange surge of energy!
The zombie hands constrict Nikola!
Nikola escapes!
Casting: Spellforged Servitor (dangerous; 11% risk of failure)
Confirm with . or Enter, or press ? or * to list all spells.
Aiming: Borgnjor's Vile Clutch (mildly dangerous; 1% risk of failure)
Press: ? - help, Shift-Dir - straight line, f/p - Nikola
Aim: Nikola, wielding a +3 rapier of electrocution, wearing a +0 cloak of stealth and wearing a +0 pair of gloves (heavily wounded, 100% to hit)
You feel a surge of power!
Zombie hands grab Nikola.
The zombie hands constrict Nikola!
Nikola mumbles some strange words.
Lightning arcs from Nikola's hands!
The bolt of lightning hits you!!! You resist.
* * * LOW HITPOINT WARNING * * *
A bolt of lightning appears from out of thin air!
The bolt of lightning hits Nikola!
Casting: Borgnjor's Vile Clutch (mildly dangerous; 1% risk of failure)
Confirm with . or Enter, or press ? or * to list all spells.
You don't know that spell.
Unknown command.
You feel much better.
The zombie hands constrict Nikola!
Nikola gestures wildly while chanting.
Nikola struggles to blink free from constriction.
Casting: Borgnjor's Vile Clutch (mildly dangerous; 1% risk of failure)
Confirm with . or Enter, or press ? or * to list all spells.
Aiming: Lehudib's Crystal Spear (dangerous; 11% risk of failure)
Press: ? - help, Shift-Dir - straight line, f/p - Nikola
Aim: Nikola, wielding a +3 rapier of electrocution, wearing a +0 cloak of stealth and wearing a +0 pair of gloves (severely wounded, constricted by zombie hands, 100% to hit)
You feel a surge of power!
The crystal spear hits Nikola!!!
Nikola is almost dead.
The zombie hands constrict Nikola!
Nikola mumbles some strange words.
Lightning arcs from Nikola's hands!
The bolt of lightning hits you!!! You resist.
You die...

...........##
............##
.............#
.........)..##
.........).##
......#...##
....###)..##
...# ##...#
....###@@.##
.. .....#...##
.. .........##
..
..........##
..
......))...#
....
...........#
....
...........#
....
..........##
....
.........##


You could see Nikola (clutched).

Vanquished Creatures
  Mara (Shoals:3)
  Vashnia (Snake:4)
  Rupert (Lair:4)
  Zenata (Elf:1)
  Polyphemus (Shoals:3)
  Frances (Snake:2)
  Gastronok (D:11)
  Ilsuiw (Shoals:3)
  2 nagarajas (Snake:4)
  Roxanne (Elf:2)
  A stone giant (D:15)
  A deep elf annihilator (Elf:2)
  Azrael (D:15)
  6 merfolk javelineers
  Josephine (Lair:3)
  3 merfolk impalers
  A fire dragon (Lair:5)
  A yaktaur captain (D:13)
  3 hydras
  A salamander tyrant (Snake:2)
  A rakshasa (D:14)
  4 catoblepae
  2 ogre magi (Orc:2)
  7 centaur warriors
  A merfolk avatar (Shoals:3)
  2 boulder beetles
  14 naga warriors
  8 anacondas
  12 two-headed ogres
  13 death yaks
  30 dancing weapons
  A satyr (Shoals:3)
  5 tengu warriors
  The ghost of vineage the Fighter, a novice GrFi of Okawaru (D:11)
  4 shock serpents
  An orc high priest (Orc:2)
  7 deep elf knights
  14 naga sharpshooters
  2 sun demons (Shoals:1)
  The ghost of clease the Cleaver, a novice MiFi of Kikubaaqudgha (D:6)
  6 skeletal warriors (D:15)
  A nameless horror (Shoals:2)
  2 salamander mystics
  The ghost of Barriton the Thaumaturge, a novice DrFE (D:6)
  Amaemon (D:8)
  7 skysharks
  9 naga ritualists
  2 deep trolls (Orc:2)
  Pikel (D:8)
  10 sea snakes
  13 deep elf archers
  A lindwurm (Lair:5)
  The ghost of heinrich the Covert, a novice GnDe of Hepliaklqana (D:6)
  2 orc knights
  18 deep elf zephyrmancers
  A harpy (shapeshifter) (D:15)
  17 deep elf pyromancers
  7 harpies
  A mana viper (Snake:4)
  9 salamanders
  10 cyclopes
  17 ugly things
  7 manticores
  6 fauns
  2 orc sorcerers
  22 elephants
  7 merfolk sirens
  4 ice statues
  4 guardian serpents
  27 black mambas
  6 torpor snails
  11 naga magi
  Joseph (D:7)
  8 water nymphs
  An orange demon (D:8)
  9 cane toads
  2 gargoyles
  An unseen horror (D:11)
  An unseen horror (shapeshifter) (D:13)
  5 rime drakes
  6 komodo dragons
  2 yaktaurs (D:13)
  2 anaconda simulacra (IceCv)
  2 tengu conjurers (D:13)
  A freezing wraith (Lair:3)
  13 trolls
  5 wind drakes
  A wolf spider simulacrum (D:15)
  4 tyrant leeches (Lair:5)
  23 merfolk
  10 hornets
  11 polar bears
  8 dream sheep
  4 slime creatures (D:13)
  10 blink frogs
  3 raiju (Lair:5)
  4 snapping turtles
  7 basilisks
  6 spriggans
  2 shadows
  5 wraiths
  4 wyverns
  A water elemental (Shoals:4)
  A fire elemental (D:15)
  11 vampire mosquitoes
  67 yaks
  4 steam dragons
  A death yak simulacrum (IceCv)
  33 nagas
  Duvessa (D:6)
  8 wargs
  2 acid dragons
  18 water moccasins
  17 hell hounds
  17 orc warriors
  4 ice beasts
  20 centaurs
  13 black bears
  20 ogres
  24 wolves
  3 phantoms
  A lemure (D:8)
  3 elf zombies (Ossuary)
  6 bullfrogs
  3 necrophages
  2 kobold brigands
  2 earth elementals
  A scorpion (D:4)
  10 wights
  Dowan (D:6)
  4 killer bees (D:9)
  12 howler monkeys
  A vampire bat (D:6)
  5 electric eels
  7 crimson imps (D:12)
  A centaur zombie (Ossuary)
  2 jellies (D:7)
  5 human zombies (Ossuary)
  10 hounds
  20 orc priests
  3 gnoll boudas
  24 orc wizards
  3 iguanas
  2 polar bear simulacra (IceCv)
  2 wolf simulacra (IceCv)
  4 mummies
  7 adders
  21 gnolls
  2 shadow imps (D:6)
  4 white imps
  2 adder zombies (Ossuary)
  2 dart slugs
  83 orcs
  6 ball pythons
  3 bat skeletons (D:6)
  4 bat zombies (D:6)
  3 endoplasms
  7 hobgoblins
  12 jackals
  8 quokkas
  4 bats
  A frilled lizard (D:1)
  A gnoll zombie (Ossuary)
  4 goblins
  4 goblin zombies
  7 hobgoblin zombies (Ossuary)
  3 jackal zombies (Ossuary)
  19 kobolds
  3 kobold zombies (Ossuary)
  An orc zombie (Ossuary)
  A quokka zombie (Ossuary)
  4 rats (D:1)
  5 rat zombies (Ossuary)
1174 creatures vanquished.

Vanquished Creatures (collateral kills)
  Mlioglotl (Snake:2)
  A deep elf blademaster (Elf:2)
  2 nagarajas (Snake:4)
  A frost giant (Shoals:4)
  4 merfolk javelineers
  4 merfolk impalers (Shoals:4)
  A salamander tyrant (Snake:4)
  An anaconda (Snake:3)
  4 merfolk aquamancers (Shoals:4)
  2 alligator snapping turtles (Shoals:4)
  A merfolk avatar (Shoals:4)
  A satyr (Shoals:4)
  2 naga warriors (Snake:4)
  2 death yaks (Shoals:3)
  3 dancing weapons (Elf:2)
  6 shock serpents
  6 naga sharpshooters
  A deep elf knight (Elf:2)
  A fire crab (shapeshifter) (Elf:2)
  5 salamander mystics
  7 sea snakes
  4 naga ritualists (Snake:4)
  9 harpies
  3 mana vipers
  3 salamanders (Snake:2)
  3 fauns (Shoals:3)
  3 manticores
  2 merfolk sirens (Shoals:3)
  4 naga magi
  A water nymph (Shoals:4)
  7 black mambas
  A rime drake (Shoals:4)
  5 merfolk
  3 wind drakes
  A nameless horror (Snake:4)
  A spriggan (Lair:2)
  3 water elementals
  A fire elemental (Elf:2)
  A steam dragon (Shoals:4)
  14 nagas
125 creatures vanquished.

Vanquished Creatures (others)
  A dancing weapon (Elf:2)
  A deep elf knight (Elf:2)
  An orc wizard (Orc:2)
  32 fungi
  100 plants
  4 withered plants (D:6)
139 creatures vanquished.

Grand Total: 1438 creatures vanquished

Notes
Turn   | Place    | Note
-------+----------+-------------------------------------------
     0 | D:1      | Crownlay the Gargoyle Earth Elementalist began the quest
                  | for the Orb.
     0 | D:1      | Reached XP level 1. HP: 10/10 MP: 3/3
   161 | D:1      | Reached skill level 4 in Earth Magic
   161 | D:1      | Reached XP level 2. HP: 14/15 MP: 0/5
   547 | D:1      | Reached XP level 3. HP: 19/19 MP: 4/6
   955 | D:2      | Learned a level 3 spell: Stone Arrow
  1278 | D:2      | Reached XP level 4. HP: 24/24 MP: 6/8
  1912 | D:3      | Reached skill level 5 in Earth Magic
  1947 | D:3      | Found a radiant altar of Vehumet.
  2009 | D:3      | Became a worshipper of Vehumet
  2218 | D:3      | Reached XP level 5. HP: 28/28 MP: 4/10
  2222 | D:3      | Reached skill level 1 in Shields
  2858 | D:4      | Reached skill level 1 in Necromancy
  2858 | D:4      | Reached XP level 6. HP: 29/32 MP: 6/11
  3141 | D:4      | Reached skill level 6 in Earth Magic
  3316 | D:4      | Reached * piety under Vehumet
  3316 | D:4      | Offered knowledge of Magic Dart by Vehumet.
  3582 | D:5      | Entered Level 5 of the Dungeon
  3999 | D:5      | Reached XP level 7. HP: 36/36 MP: 10/13
  4234 | D:5      | Found Bairot's Magic Scroll Shoppe.
  4242 | D:5      | Bought a scroll of immolation for 48 gold pieces
  4242 | D:5      | Bought a scroll of identify for 24 gold pieces
  4242 | D:5      | Bought a scroll of fear for 48 gold pieces
  4242 | D:5      | Bought a scroll of identify for 24 gold pieces
  4671 | D:5      | Reached skill level 7 in Earth Magic
  4753 | D:5      | Identified a scroll of acquirement
  4754 | D:5      | Acquired the +1 cloak of the Hall of Blades {rPois Str+3
                  | Int+3 Dex+2}
  4788 | D:6      | Found a staircase to the Ecumenical Temple.
  4855 | D:6      | Reached skill level 5 in Spellcasting
  4882 | D:6      | Found a snail-covered altar of Cheibriados.
  4888 | D:6      | Offered knowledge of Foxfire by Vehumet.
  4893 | D:6      | Reached ** piety under Vehumet
  5112 | D:6      | Found a runed translucent gate.
  5112 | D:6      | Found a runed translucent gate.
  5113 | D:6      | Found a runed translucent gate.
  5114 | D:6      | Noticed heinrich's ghost (novice GnDe)
  5114 | D:6      | Noticed clease's ghost (novice MiFi)
  5114 | D:6      | Noticed Barriton's ghost (novice DrFE)
  5162 | D:6      | Reached XP level 8. HP: 41/41 MP: 2/15
  5381 | D:6      | Found a shadowy altar of Dithmenos.
  5477 | D:6      | Noticed Duvessa
  5480 | D:6      | Noticed Dowan
  5484 | D:6      | Killed Duvessa
  5485 | D:6      | Killed Dowan
  5486 | D:6      | Reached skill level 8 in Earth Magic
  5665 | D:6      | Reached XP level 9. HP: 40/45 MP: 10/18
  5687 | D:6      | Reached skill level 9 in Earth Magic
  5876 | D:6      | Offered knowledge of Static Discharge by Vehumet.
  5908 | D:6      | Found an ancient bone altar of Kikubaaqudgha.
  6084 | D:6      | Reached *** piety under Vehumet
  6184 | D:7      | Reached skill level 5 in Shields
  6289 | D:7      | Reached skill level 10 in Earth Magic
  6289 | D:7      | Found a sand-covered staircase.
  6295 | Ossuary  | Entered an ossuary
  6394 | Ossuary  | Offered knowledge of Olgreb's Toxic Radiance by Vehumet.
  6401 | Ossuary  | Learned a level 5 spell: Borgnjor's Vile Clutch
  6621 | Ossuary  | Reached XP level 10. HP: 50/50 MP: 19/21
  6670 | Ossuary  | Reached **** piety under Vehumet
  6722 | D:7      | Acquired 510 gold pieces
  6745 | D:7      | Offered knowledge of Freezing Cloud by Vehumet.
  6856 | D:7      | Found a broken altar of Ashenzari.
  6910 | D:7      | Noticed Joseph
  6917 | D:7      | Killed Joseph
  7031 | D:7      | Reached skill level 11 in Earth Magic
  7261 | D:7      | Found a sacrificial altar of Ru.
  7499 | D:8      | Noticed Pikel
  7505 | D:8      | Killed Pikel
  7506 | D:8      | Reached skill level 1 in Conjurations
  7562 | D:8      | Noticed an orange demon
  7563 | D:8      | Noticed Amaemon
  7568 | D:8      | Killed an orange demon
  7574 | D:8      | Killed Amaemon
  7824 | D:8      | Reached skill level 12 in Earth Magic
  7824 | D:8      | Reached XP level 11. HP: 13/54 MP: 18/24
  7832 | D:8      | Reached ***** piety under Vehumet
  7832 | D:8      | Offered knowledge of Fulminant Prism by Vehumet.
  9172 | D:10     | Entered Level 10 of the Dungeon
  9316 | D:10     | Noticed a cyclops
  9321 | D:10     | Killed a cyclops
  9899 | D:10     | Reached skill level 13 in Earth Magic
  9900 | D:10     | Reached skill level 10 in Spellcasting
 10410 | D:11     | Identified the +10 dagger of Yckairil {drain, rElec rCorr}
 10502 | D:11     | Noticed Gastronok
 10512 | D:11     | Killed Gastronok
 10513 | D:11     | Reached skill level 5 in Conjurations
 10855 | D:11     | Reached XP level 12. HP: 35/59 MP: 19/26
 10947 | D:11     | Identified the +3 scale mail "Ene Guy" {*Corrode rPois rC++
                  | SInv}
 11185 | D:11     | Found a staircase to the Lair.
 11240 | D:11     | Offered knowledge of Lee's Rapid Deconstruction by Vehumet.
 11247 | D:11     | Learned a level 5 spell: Lee's Rapid Deconstruction
 11345 | D:11     | Found a runed translucent door.
 11347 | D:11     | Identified the +9 spear of Shame {chaos, *Noise rElec rC++
                  | rCorr}
 11435 | D:11     | Noticed vineage's ghost (novice GrFi)
 11852 | D:11     | Killed vineage's ghost
 12113 | D:12     | Reached skill level 5 in Necromancy
 12238 | D:12     | Noticed a two-headed ogre
 12247 | D:12     | Noticed a two-headed ogre
 12261 | D:12     | Killed a two-headed ogre
 12265 | D:12     | Killed a two-headed ogre
 12327 | D:12     | Found a staircase to the Orcish Mines.
 12535 | D:12     | Identified the +0 dagger of Dishonour {freeze, *Rage rN+
                  | Str+4}
 12607 | D:12     | Noticed a two-headed ogre
 12610 | D:12     | Killed a two-headed ogre
 12611 | D:12     | Reached skill level 10 in Shields
 13197 | Lair:1   | Entered Level 1 of the Lair of Beasts
 13271 | Lair:1   | Noticed a death yak
 13271 | Lair:1   | Noticed a death yak
 13271 | Lair:1   | Noticed a death yak
 13271 | Lair:1   | Noticed a death yak
 13328 | Lair:1   | Noticed a catoblepas
 13343 | Lair:1   | Killed a catoblepas
 13344 | Lair:1   | Reached skill level 1 in Fighting
 13344 | Lair:1   | Reached XP level 13. HP: 61/65 MP: 15/30
 13551 | Lair:1   | Reached skill level 1 in Fire Magic
 14272 | Lair:1   | Reached skill level 5 in Fighting
 15202 | Lair:2   | Found a staircase to the Shoals.
 15413 | Lair:2   | Found a transporter.
 15415 | Lair:2   | Found a transporter.
 15419 | Lair:2   | Found a bloodstained altar of Trog.
 15421 | Lair:2   | Noticed Notanamesir's ghost (journeyman OgGl)
 15449 | Lair:2   | Found a staircase to the Snake Pit.
 15938 | Lair:3   | Gained mutation: Your large and strong wings let you fly.
                  | [Gargoyle growth]
 15938 | Lair:3   | Reached XP level 14. HP: 77/82 MP: 20/31
 16269 | Lair:3   | Reached skill level 5 in Fire Magic
 16365 | Lair:3   | Noticed Josephine
 16373 | Lair:3   | Killed Josephine
 16811 | Lair:3   | Identified the +3 mace of Tumult {heavy, rC++ Will+ Stlth+}
 17106 | Lair:4   | Identified the +6 ring mail of the Lair of Beasts {rF+++
                  | rCorr Int-2 Dex-5}
 17377 | Lair:4   | Noticed Rupert
 17395 | Lair:4   | Killed Rupert
 17485 | Lair:4   | Identified the +2 triple crossbow of Youthful Indiscretion
                  | {drain, Will+ Str+3}
 17492 | Lair:4   | Found the +3 crown of Dyrovepreva {rElec Int+2 SInv}
 17655 | Lair:4   | Found a viscous altar of Jiyva.
 17664 | Lair:4   | Found a staircase to the Slime Pits.
 18317 | Lair:5   | Entered Level 5 of the Lair of Beasts
 18347 | Lair:5   | Found a frozen archway.
 18353 | IceCv    | Entered an ice cave
 18369 | IceCv    | Reached skill level 14 in Earth Magic
 18619 | IceCv    | Offered knowledge of Iron Shot by Vehumet.
 18707 | IceCv    | Found the +2 Maxwell's thermic engine {flame, freeze}
 19081 | Lair:5   | Reached ****** piety under Vehumet
 19087 | Lair:5   | Reached skill level 10 in Fighting
 19360 | Lair:5   | Reached XP level 15. HP: 92/92 MP: 27/33
 19372 | Lair:5   | Offered knowledge of Spellforged Servitor by Vehumet.
 19402 | Lair:5   | Learned a level 7 spell: Spellforged Servitor
 19689 | Lair:5   | Reached skill level 1 in Summonings
 20069 | Lair:5   | Reached skill level 15 in Earth Magic
 20566 | Lair:5   | Found a runed translucent door.
 20746 | Lair:5   | Offered knowledge of Ozocubu's Refrigeration by Vehumet.
 20932 | Lair:5   | Learned a level 8 spell: Lehudib's Crystal Spear
 21205 | Orc:1    | Entered Level 1 of the Orcish Mines
 21426 | Orc:2    | Entered Level 2 of the Orcish Mines
 21438 | Orc:2    | Found a staircase to the Elven Halls.
 21722 | Orc:2    | Found Ytralu's Magic Scroll Emporium.
 21723 | Orc:2    | Found Poyniula's Distillery.
 21731 | Orc:2    | Reached skill level 10 in Conjurations
 22076 | Orc:2    | Found Zuraps's General Store.
 22078 | Orc:2    | Bought a scroll of teleportation for 42 gold pieces
 22078 | Orc:2    | Bought a scroll of enchant armour for 105 gold pieces
 22078 | Orc:2    | Bought a scroll of enchant armour for 105 gold pieces
 22078 | Orc:2    | Bought a scroll of magic mapping for 105 gold pieces
 22078 | Orc:2    | Bought a scroll of enchant armour for 105 gold pieces
 22078 | Orc:2    | Bought a scroll of blinking for 105 gold pieces
 22085 | Orc:2    | Found Jylahuro's Antique Armour Emporium.
 22139 | Orc:2    | Reached XP level 16. HP: 85/101 MP: 24/34
 22691 | Orc:2    | Bought a potion of heal wounds for 80 gold pieces
 22691 | Orc:2    | Bought 2 potions of magic for 256 gold pieces
 22773 | D:13     | Offered knowledge of Iskenderun's Battlesphere by Vehumet.
 23203 | D:13     | Found a gate to the Vaults.
 23726 | D:13     | Reached skill level 5 in Summonings
 24708 | D:15     | Entered Level 15 of the Dungeon
 24804 | D:15     | Noticed Azrael
 24815 | D:15     | Killed Azrael
 25036 | D:15     | Offered knowledge of Orb of Destruction by Vehumet.
 25191 | D:15     | Found a staircase to the Depths.
 26499 | Shoals:1 | Entered Level 1 of the Shoals
 26800 | Shoals:1 | Found Lerorgh's Distillery.
 26872 | Shoals:1 | Bought 2 potions of heal wounds for 140 gold pieces
 27682 | Shoals:2 | Reached XP level 17. HP: 109/109 MP: 20/35
 28249 | D:6      | Killed heinrich's ghost
 28250 | D:6      | Reached skill level 15 in Spellcasting
 28265 | D:6      | Killed clease's ghost
 28271 | D:6      | Killed Barriton's ghost
 28931 | Shoals:2 | Found Osengad's CLEARANCE SALE!.
 29795 | Shoals:3 | Reached skill level 1 in Evocations
 30204 | Shoals:3 | Found Jaizo's Antique Armour Shop.
 30288 | Shoals:3 | Bought a twisted robe for 205 gold pieces
 30288 | Shoals:3 | Identified the +0 robe of Lugonu's Benevolence {Rampage
                  | rCorr Dex+2 Stlth-} (You bought it in a shop on level 3 of
                  | the Shoals)
 30403 | Shoals:3 | Noticed Ilsuiw
 30410 | Shoals:3 | Killed Ilsuiw
 30431 | Shoals:3 | Noticed Mara
 30533 | Shoals:3 | Noticed Crownlay's illusion
 30534 | Shoals:3 | Killed Mara
 30765 | Shoals:3 | Reached skill level 16 in Earth Magic
 30882 | Shoals:3 | Noticed Polyphemus
 30900 | Shoals:3 | Offered knowledge of Fire Storm by Vehumet.
 30900 | Shoals:3 | Offered knowledge of Shatter by Vehumet.
 30900 | Shoals:3 | Offered knowledge of Maxwell's Capacitive Coupling by
                  | Vehumet.
 30901 | Shoals:3 | Killed Polyphemus
 30941 | Shoals:3 | Learned a level 9 spell: Shatter
 31002 | Shoals:3 | Found Milequk's Jewellery Boutique.
 31742 | Shoals:4 | Entered Level 4 of the Shoals
 32214 | Shoals:4 | Reached XP level 18. HP: 81/116 MP: 24/37
 32377 | Shoals:4 | Got the Elucidation of the Lost Gods
 33075 | Shoals:4 | Found Zefoc's Distillery.
 33380 | Shoals:4 | Reached skill level 10 in Fire Magic
 33718 | Shoals:4 | Got a barnacled rune of Zot
 34165 | Snake:1  | Entered Level 1 of the Snake Pit
 34484 | Snake:1  | Reached skill level 17 in Earth Magic
 35091 | Snake:2  | Reached skill level 10 in Summonings
 35532 | Snake:2  | Noticed Mlioglotl
 35537 | Snake:2  | Killed Mlioglotl
 35743 | Snake:2  | Noticed Frances
 35752 | Snake:2  | Killed Frances
 36302 | Snake:3  | Identified the +6 arbalest of Vaasigin {freeze, Fly rElec
                  | rF+ Str+3}
 37116 | Snake:3  | Reached XP level 19. HP: 121/121 MP: 34/39
 37324 | Snake:4  | Entered Level 4 of the Snake Pit
 37464 | Snake:4  | Reached skill level 18 in Earth Magic
 38712 | Snake:4  | Noticed Vashnia
 38721 | Snake:4  | Killed Vashnia
 38953 | Snake:4  | Reached skill level 19 in Earth Magic
 39099 | Snake:4  | Got a serpentine rune of Zot
 39626 | Elf:1    | Entered Level 1 of the Elven Halls
 40282 | Elf:1    | Reached XP level 20. HP: 127/127 MP: 35/41
 40328 | Elf:1    | Noticed Zenata
 40337 | Elf:1    | Killed Zenata
 41626 | Elf:2    | Found a runed translucent gate.
 41626 | Elf:2    | Found a runed translucent gate.
 41627 | Elf:2    | Found a runed translucent gate.
 41682 | Elf:2    | Identified Roxanne's Secrets of Stones
 41682 | Elf:2    | Noticed Roxanne
 41685 | Elf:2    | Killed Roxanne
 41775 | Elf:2    | Learned a level 6 spell: Iron Shot
 42049 | Elf:2    | Reached skill level 20 in Earth Magic
 42054 | Elf:2    | Noticed Nikola
 42078 | Elf:2    | Killed from afar by Nikola

Illustrated notes

Levels and vault maps discovered:
D:1:      nzn_arrival_settlement, layout_basic, st_stairs_7
D:2:      layout_basic, ebering_dispersal_statue_hall
D:3:      layout_loops_ring, fiery_altar_vehumet
D:4:      layout_loops_cross
D:5:      layout_basic, serial_shops, shop_fountains
D:6:      layout_basic, mainiacjoe_overflow_brackets,
          mainiacjoe_overflow_small_starburst, kennysheep_vampire_church,
          minmay_temple_entry_junction, gammafunk_ghost_cemetery,
          minmay_diced_spiral, uniq_duvessa
D:7:      layout_cave_pools, nicolae_ashenzari_skybound,
          nicolae_ru_the_path_less_chosen, nicolae_ossuary_entry_giza,
          nrook_pool_corridor, lightli_minifort, uniq_joseph
D:8:      layout_loops_ring, grunt_potential, uniq_pikel, uniq_amaemon
D:9:      layout_rooms, serial_corexii_hall, corexii_hall_statues_s,
          chequers_hall_statues_y
D:10:     layout_stronghold, minmay_microvault
D:11:     layout_loops_corners, erik_lair_island, ebering_ghost_funeral_grove,
          uniq_gastronok
D:12:     layout_irregular_city, erik_orc_4, minmay_nine_imps
D:13:     layout_small_grid, david_vaults_2
D:14:     layout_big_octagon, chequers_decorated_corner
D:15:     grunt_enter_depths_giant_problem, layout_gridville,
          serial_park_tiny_2, uniq_azrael
Lair:1:   layout_regular_city, minmay_shattered_shrine, serial_bayou_shore_b,
          serial_bayou_shore_b, serial_bayou_shore_a,
          infiniplex_staircase_pool_2
Lair:2:   layout_roguey, shoals_dummy_entry, minmay_snake_entry_guardpost_small,
          gammafunk_ghost_wrathful_warriors, beast_lair_carwin_11,
          infiniplex_staircase_pool
Lair:3:   layout_loops_ring, ice2_lemuel, uniq_josephine
Lair:4:   layout_cave_pods, dpeg_slime_entry_corner, uniq_rupert
Lair:5:   hangedman_lair_caniforms_friends, layout_cave_pods, wormcave,
          portal_ice_cave_entry_pillars_2
Shoals:1: layout_shoals, serial_shops, nicolae_shop_waterfront,
          nicolae_shoals_sun_and_surf
Shoals:2: layout_shoals, nicolae_shop_clearance
Shoals:3: layout_shoals, serial_shops, nicolae_shop_crystal, shop,
          hangedman_shoals_cup_caves, uniq_ilsuiw, uniq_polyphemus, uniq_mara
Shoals:4: shoals_end_grunt_ice, layout_shoals, shoals_ilsuiw_alternative,
          serial_shops, shop, nicolae_shoals_drake_roost
Snake:1:  layout_misc_corridors, grunt_megastairs_3
Snake:2:  layout_gridlike, serial_bayou_pond_b, uniq_frances, uniq_mlioglotl
Snake:3:  nicolae_snake_shooting_gallery, layout_misc_corridors
Snake:4:  johnstein_snake_rune_scales, layout_cave_town
Orc:1:    layout_caves, david_defended_altar_orc
Orc:2:    st_orc_open, layout_diamond_mine, basic_altar
Elf:1:    layout_geoelf_diagonals, minmay_elf_crystal_heptagon, uniq_zenata
Elf:2:    elven_hall_of_blades_hangedman_original [nicolae_blade_lattice],
          layout_geoelf_diagonals, uniq_nikola, uniq_roxanne

Skill      XL: |  1  2  3  4  5  6  7  8  9 10 11 12 13 14 15 16 17 18 19 20 |
---------------+-------------------------------------------------------------+-----
Earth Magic    | 4 5 6 7 8 10 12 13 14 15 16 17 19 20 | 20.0
Spellcasting   | 3 4 5 6 7 9 10 13 14 15 16 17 18 | 18.0
Shields        | 1 2 3 4 5 7 8 10 11 12 | 12.3
Necromancy     | 1 2 3 4 5 |  5.0
Conjurations   | 2 5 6 8 9 10 12 13 14 | 14.3
Fighting       | 1 7 10 11 13 14 | 14.0
Fire Magic     | 4 6 7 8 9 10 | 10.0
Summonings     | 4 6 9 10 | 10.3
Evocations     | 3 4 |  4.0
Dodging        | |  1.5
Stealth        | |  2.1
Transmutations | |  0.7

Action                     |  1- 3 |  4- 6 |  7- 9 | 10-12 | 13-15 | 16-18 | 19-21 || total
---------------------------+-------+-------+-------+-------+-------+-------+-------++-------
  Melee: Unarmed           |    22 |       |       |       |       |       |       ||    22
         Short sword       |     3 |     1 |     4 |     3 |       |       |       ||    11
         Staff             |       |       |       |       |    12 |    16 |     3 ||    31
   Cast: Sandblast         |    41 |   101 |   187 |   356 |   609 |   643 |   206 ||  2143
         Stone Arrow       |       |       |    15 |    31 |    26 |    18 |   120 ||   210
         Borgnjor's Vile C |       |       |       |    34 |   132 |   176 |    70 ||   412
         Lee's Rapid Decon |       |       |       |     3 |    19 |    28 |    35 ||    85
         Spellforged Servi |       |       |       |       |       |    43 |    24 ||    67
         Lehudib's Crystal |       |       |       |       |       |     1 |     1 ||     2
         Shatter           |       |       |       |       |       |       |     1 ||     1
  Evoke: Wand              |       |       |       |     6 |     9 |     5 |     3 ||    23
    Use: Scroll            |       |     7 |     6 |    13 |     4 |    14 |       ||    44
         Potion            |       |       |       |     1 |     2 |     2 |     3 ||     8
   Stab: Sleeping          |       |       |     1 |       |       |       |       ||     1
 Armour: Robe              |    13 |    14 |    33 |    16 |       |       |       ||    76
         Steam dragon scal |       |       |       |   108 |   272 |   307 |    95 ||   782
  Dodge: Dodged            |    36 |    14 |    45 |   118 |   248 |   218 |    52 ||   731
  Block: Other             |       |     7 |    21 |    59 |    11 |       |       ||    98
         Reflection        |       |       |     4 |     6 |     2 |   155 |    30 ||   197
         Kite shield       |       |       |       |       |   405 |   568 |   139 ||  1112
         Tower shield      |       |       |       |       |       |       |   109 ||   109

Table legend: (Time is in decaauts)
 A = Elapsed time spent in this place.
 B = Non-inter-level travel time spent in this place.
 C = Inter-level travel time spent in this place.
 D = Time resting spent in this place.
 E = Time spent auto-exploring this place.
 F = Levels seen in this place.
 G = Mean time per level.
                   A        B        C        D        E       F      G
               +--------+--------+--------+--------+--------+-----+--------+
         Total |  43305 |  41171 |   2134 |   1332 |  32020 |  34 | 1273.7 |
       Dungeon |  17554 |  16432 |   1122 |    202 |  13644 |  15 | 1170.3 |
          Lair |   8262 |   7817 |    445 |    240 |   5914 |   5 | 1652.4 |
        Shoals |   7038 |   6812 |    226 |    471 |   5198 |   4 | 1759.5 |
     Snake Pit |   5492 |   5286 |    206 |      0 |   4120 |   4 | 1373.0 |
  Orcish Mines |   1584 |   1477 |    107 |    232 |    959 |   2 |  792.0 |
   Elven Halls |   2519 |   2493 |     26 |      0 |   1865 |   2 | 1259.5 |
       Ossuary |    424 |    424 |      0 |      0 |    288 |   1 |  424.0 |
      Ice Cave |    429 |    429 |      0 |    187 |     32 |   1 |  429.0 |
               +--------+--------+--------+--------+--------+-----+--------+

Top non-repeatable levels by time:
  Lair:5: 2472 daAuts
 Snake:4: 2181 daAuts
  Lair:1: 2177 daAuts
Shoals:3: 2145 daAuts
Shoals:4: 2033 daAuts
    D:11: 1990 daAuts
    D:15: 1704 daAuts
     D:6: 1603 daAuts
Shoals:2: 1523 daAuts
Shoals:1: 1335 daAuts
   Elf:1: 1327 daAuts
    D:12: 1298 daAuts
  Lair:4: 1285 daAuts
  Lair:3: 1272 daAuts
 Snake:3: 1242 daAuts
